 Dungeon Sprint DCSS version 0.16-a0-2710-g8b41a68 (webtiles) character file.

718 Kemay the Nimble (level 7, -15/38 HPs)
             Began as a Vine Stalker Assassin on Nov 26, 2014.
             Was a Follower of Dithmenos.
             Killed by an exploding giant spore (26 damage)
             ... in the Dungeon (Sprint I: "Red Sonja").
             The game lasted 00:05:06 (335 turns).

Kemay the Nimble (Vine Stalker Assassin)             Turns: 335, Time: 00:05:07

Health: -15/38     AC:  3    Str: 14    XL:     7   Next: 70%
Magic:  0/9        EV: 20    Int: 11    God:    Dithmenos [*.....]
Gold:   326        SH:  0    Dex: 17    Spells: 0 memorised, 6 levels left

rFire  . . .     SeeInvis .     p - +0 dagger (drain)
rCold  . . .     Clarity  .     c - +0 robe
rNeg   . . .     SustAb   .     (no shield)
rPois  .         Gourm    .     (no helmet)
rElec  .         Spirit   +     d - +0 cloak
rCorr  .         Warding  .     (no gloves)
rMut   .         NoTele   +     (no boots)
MR     .....                    b - amulet of faith
Stlth  +.........               (no ring)
                                (no ring)

@: confused, wreathed by umbra, not resistant to hostile enchantments, very
unstealthy
A: fangs 2, regeneration 2, magic shield, antimagic bite, no device heal 3, rot
immunity
a: Renounce Religion


You were in the Dungeon.
You worshipped Dithmenos.
Dithmenos was aware of your devotion.
You were not hungry.

You visited 1 branch You collected 416 gold pieces.
You spent 90 gold pieces at shops.

Inventory:

Hand weapons
 a - a +2 dagger
 p - a +0 dagger of draining (weapon)
Armour
 c - a +0 robe (worn)
 d - a +0 cloak (worn)
Jewellery
 b - an amulet of faith (around neck)
Scrolls
 m - a scroll of blinking
Potions
 h - a potion of curing
 j - a potion of haste
 k - 2 potions of magic
 l - a potion of berserk rage
 n - a potion of mutation {unknown}
 o - a potion of might {unknown}
Comestibles
 g - a bread ration
 i - 8 chunks of flesh


   Skills:
 - Level 4.7 Fighting
 + Level 8.7 Short Blades
 - Level 1.7 Throwing
 + Level 10.5 Dodging
 - Level 4.8 Stealth


You had 6 spell levels left.
You didn't know any spells.

Dungeon Overview and Level Annotations

Branches:
Dungeon (1/1)

Altars:
Cheibriados
Dithmenos
Elyvilon
Fedhas
Gozag
Kikubaaqudgha
Makhleb
Nemelex Xobeh
Okawaru
Qazlal
Ru
Sif Muna
Trog
Vehumet
Xom
Yredelemnul
Zin
The Shining One
Jiyva

Shops:
D *:


Innate Abilities, Weirdness & Mutations

You have extremely sharp teeth.
You heal very quickly.
When hurt, damage is shared between your health and your magic reserves.
Your bite disrupts and absorbs the magic of your enemies.
Potions and wands cannot restore your health.
You are immune to rotting.


Message History

There is an open door here.
Things that are here:
a blowgun; the kobold corpse of Sonja You start resting.
HP restored.
You open the door. 2 giant spores come into view.
Found five items.
The giant spore waves its rhizomes.
The giant spore explodes!
The explosion of spores engulfs you!
You are confused.
Ouch! That really hurt!
* * * LOW HITPOINT WARNING * * *
The explosion of spores engulfs the giant spore.
The giant spore explodes!
The explosion of spores engulfs you!
You are more confused.
Ouch! That really hurt!
You die...

#..#_..__##'#..+
#⌠⌠#_.∩...'..._#
####_..._##_.#'#
#_____###'#.#
############.###
#∩^.......'...+
###++++####.).#
##.## #@#
#$!$!$# #$[!!$#
#######


There were no monsters in sight!

Vanquished Creatures
  Sonja (D)
  A slime creature (D)
  A yak (D)
  Sigmund (D)
  An ogre (D)
  A jelly (D)
  Ijyb (D)
7 creatures vanquished.

Vanquished Creatures (others)
  A gargoyle (D)
1 creature vanquished.

Grand Total: 8 creatures vanquished

Notes
Turn   | Place    | Note
--------------------------------------------------------------
     0 | D        | Kemay, the Vine Stalker Assassin, began the quest for the Orb.
     0 | D        | Reached XP level 1. HP: 11/11 MP: 1/1
     1 | D        | Noticed Ijyb
    15 | D        | Killed Ijyb
    15 | D        | Reached XP level 2. HP: 4/16 MP: 0/3
    46 | D        | Killed a gargoyle
    60 | D        | Noticed an ogre
    63 | D        | Killed an ogre
    63 | D        | Reached skill level 6 in Short Blades
    63 | D        | Reached XP level 3. HP: 18/21 MP: 4/4
    63 | D        | Reached XP level 4. HP: 22/26 MP: 5/5
    86 | D        | Noticed Sigmund
   102 | D        | Killed Sigmund
   102 | D        | Reached skill level 5 in Dodging
   102 | D        | Reached XP level 5. HP: 16/30 MP: 7/7
   158 | D        | Found a snail-covered altar of Cheibriados.
   158 | D        | Found a viscous altar of Jiyva.
   158 | D        | Found a shadowy altar of Dithmenos.
   158 | D        | Found a blossoming altar of Fedhas.
   158 | D        | Noticed a slime creature
   171 | D        | Killed a slime creature
   171 | D        | Reached skill level 8 in Dodging
   171 | D        | Gained mutation: You heal very quickly. [vine stalker growth]
   171 | D        | Reached XP level 6. HP: 15/34 MP: 5/8
   173 | D        | Became a worshipper of Dithmenos the Shadowed
   210 | D        | Found a deep blue altar of Sif Muna.
   211 | D        | Noticed a jelly
   212 | D        | Found a radiant altar of Vehumet.
   221 | D        | Killed a jelly
   221 | D        | Reached skill level 9 in Dodging
   251 | D        | Found Ucec's Book Emporium.
   251 | D        | Found a white marble altar of Elyvilon.
   251 | D        | Found a stormy altar of Qazlal.
   251 | D        | Found a burning altar of Makhleb.
   251 | D        | Found a sacrificial altar of Ru.
   251 | D        | Found a basalt altar of Yredelemnul.
   251 | D        | Found a glowing golden altar of the Shining One.
   251 | D        | Found a sparkling altar of Nemelex Xobeh.
   251 | D        | Found a shimmering altar of Xom.
   251 | D        | Found an opulent altar of Gozag.
   251 | D        | Found an ancient bone altar of Kikubaaqudgha.
   251 | D        | Found a glowing silver altar of Zin.
   251 | D        | Noticed a yak
   252 | D        | Found an iron altar of Okawaru.
   253 | D        | Killed a yak
   253 | D        | Reached XP level 7. HP: 38/38 MP: 9/9
   254 | D        | Found a bloodstained altar of Trog.
   265 | D        | Noticed Sonja
   269 | D        | Killed Sonja
   269 | D        | Reached skill level 10 in Dodging
   304 | D        | Found Iradghuecu's Assorted Antiques.
   313 | D        | Bought a large crystal amulet for 90 gold pieces
   335 | D        | Killed by an exploding giant spore

Action                   |  1- 3 |  4- 6 |  7- 9 || total
-------------------------+-------+-------+-------++-------
Melee: Dagger            |    13 |    34 |     1 ||    48
 Stab: Sleeping          |     1 |     2 |     1 ||     4
